[Event "Live Chess"]
[Site "Chess.com"]
[Date "2024.06.02"]
[Round "-"]
[White "VIDYUTGANESH"]
[Black "Greenbecker"]
[Result "0-1"]
[WhiteElo "1741"]
[BlackElo "1723"]
[TimeControl "300"]
[EndTime "0:07:02 PDT"]
[Termination "Greenbecker won by resignation"]

1. e4 Nc6 2. Nf3 d6 3. d4 Nf6 4. Nc3 g6 5. Bb5 a6 6. Ba4 b5 7. Bb3 b4 8. Nd5 Nxe4 9. O-O e6 10. Re1 f5 11. Ne3 Bg7 12. d5 Ne5 13. dxe6 Qe7 14. Nxe5 Bxe5 15. Qd5 Rb8 16. f3 Nc5 17. Qc6+ Kf8 18.
Nc4 Bb7 19. Bh6+ Bg7 20. Bxg7+ Kxg7 21. Qd7 Nxd7 0-1

[Event "Live Chess"]
[Site "Chess.com"]
[Date "2024.06.02"]
[Round "-"]
[White "Dhaydon19"]
[Black "vincents82"]
[Result "1-0"]
[WhiteElo "2673"]
[BlackElo "1999"]
[TimeControl "300"]
[EndTime "0:07:36 PDT"]
[Termination "Dhaydon19 won by resignation"]

1. d4 d5 2. Nf3 Nf6 3. g3 Bf5 4. Bg2 e6 5. O-O Nbd7 6. c3 Be7 7. Re1 h6 8. Bd2 O-O 9. Bc1 Ne4 10. Nbd2 Ndf6 11.
Ne5 Nxd2 12. Bxd2 Nd7 13. Nd3 c5 14. Be3 c4 15. Ne5 Nxe5 16. dxe5 b5 17. Bd4 a5 18.
Qd2 b4 19. e4 Bxe4 20. Bxe4 dxe4 21. Rxe4 Qd5 22. Rg4 Kh7 23. Qe2 Rad8 24. Re1 Bc5 25. Bxc5 Qxc5 26. Rxc4 Qb5 27. cxb4 axb4 28. Qe4+ Kh8 29.
Rxb4 Qa5 30. a3 Rd2 31. Kg2 Rfd8 32. Re3 Qc7 33. Rf3 Rd1 34. Rb7 Qc1 35. Rbxf7 Rg1+ 36. Kh3 Qf1+ 37. Kg4 h5+ 38. Kg5 Rg8 39. Qg6 Qc1+ 40. R3f4 Qd1 41. Rxg7 Qd8+ 42. Kh6 1-0

[Event "Live Chess"]
[Site "Chess.com"]
[Date "2024.06.02"]
[Round "-"]
[White "JanMur7"]
[Black "f4nomore"]
[Result "1-0"]
[WhiteElo "2271"]
[BlackElo "1249"]
[TimeControl "300"]
[EndTime "0:08:18 PDT"]
[Termination "JanMur7 won by resignation"]

1. d4 g6 2. c4 Bg7 3. Nc3 d6 4. e4 Nf6 5. Be2 O-O 6. Bg5 Nbd7 7. g4 a6 8. h4 h6 9. Be3 c5 10. d5 Ne5 11. f3 h5 12. g5 Nh7 13. Nh3 Qb6 14.
Qc2 Qb4 15. a3 Qa5 16. Nf2 b5 17. cxb5 axb5 18. O-O Ba6 19. b4 cxb4 20. axb4 Qb6 21.
Bxb6 1-0

[Event "Live Chess"]
[Site "Chess.com"]
[Date "2024.06.02"]
[Round "-"]
[White "JohanKjeldahl"]
[Black "Tushinskiy"]
[Result "0-1"]
[WhiteElo "1851"]
[BlackElo "2290"]
[TimeControl "300"]
[EndTime "0:09:22 PDT"]
[Termination "Tushinskiy won by resignation"]

1. c4 c5 2. Nc3 d6 3. Nf3 Nc6 4. d4 Nf6 5. d5 Nb8 6. e4 Nbd7 7. Bf4 g6 8. Bd3 Bg7 9. O-O O-O 10. h3 a6 11. Qd2 Re8 12. e5 dxe5 13. Nxe5 Nxe5 14. Bxe5 Bd7 15. a4 Qc8 16. Rfe1 Bf5 17. Rad1 Qd7 18. Qf4 Bxd3 19. Rxd3 Rad8 20. Ne4 Nxe4 21. Qxe4 Bxe5 22. Qxe5 Qxa4 23. b3 Qa5 24. Rde3 b5 25. Qf4 bxc4 26. bxc4 Qd2 27. Qf3 a5 28. Rxe7 Qxe1+ 29. Rxe1 Rxe1+ 30. Kh2 a4 31. Qa3 Ra8 32. d6 Ree8 33. f4 Red8 34. f5 Rxd6 35. Qxc5 a3 36. Qxd6 a2 37. fxg6 hxg6 38.
c5 a1=Q 0-1

[Event "Live Chess"]
[Site "Chess.com"]
[Date "2024.06.02"]
[Round "-"]
[White "ProfPoisson"]
[Black "Ferrarifan27"]
[Result "0-1"]
[WhiteElo "1299"]
[BlackElo "2118"]
[TimeControl "300"]
[EndTime "0:09:53 PDT"]
[Termination "Ferrarifan27 won by checkmate"]

1. e4 e5 2. Nf3 Nc6 3. d4 exd4 4. Bc4 Bb4+ 5. c3 dxc3 6. O-O cxb2 7. Bxb2 Nf6 8. Ng5 O-O 9. Nd2 h6 10. Nh3 Bxd2 11.
Qxd2 Nxe4 12. Qf4 d5 13. Bd3 Bxh3 14. gxh3 Qg5+ 15. Qxg5 Nxg5 16. h4 Nf3+ 17. Kh1 Nxh4 18. Rg1 f6 19. Rg4 Nf3 20. Be2 Nfe5 21. Rg3 Rfe8 22. Rag1 Re7 23. f4 Nc4 24. Bxf6 Rxe2 25. Rxg7+ Kf8 26. Rxc7 Re6 27. Bg7+ Ke8 28. Bxh6 Kd8 29.
Rxb7 Kc8 30. Rh7 Rb8 31. Rg8+ Nd8 32. Rgg7 Rb1+ 33. Kg2 Rb2+ 34. Kh3 Re3+ 35. Kg4 Rg2+ 36. Kf5 Nd6+ 37. Kf6 Re6# 0-1

[Event "Live Chess"]
[Site "Chess.com"]
[Date "2024.06.02"]
[Round "-"]
[White "WeakOldFinished"]
[Black "GerardATHart"]
[Result "1-0"]
[WhiteElo "2183"]
[BlackElo "1377"]
[TimeControl "300"]
[EndTime "0:11:19 PDT"]
[Termination "WeakOldFinished won on time"]

1. e4 e5 2. f4 exf4 3. Qe2 d6 4. Nc3 g5 5. d4 Bg7 6. Nf3 h6 7. g3 fxg3 8. hxg3 Bg4 9. Be3 Nc6 10. O-O-O Qf6 11.
Bg2 O-O-O 12. Rhf1 Qg6 13. Qb5 Nge7 14. Qa4 f5 15. d5 Ne5 16. Nxe5 Bxe5 17. Qxa7 Bxg3 18. Rd4 Kd7 19. Rc4 Rb8 20. Qa4+ c6 21. dxc6+ Nxc6 22. exf5 Bxf5 23. Bxc6+ bxc6 24. Qxc6+ Ke7 25. Nd5+ Ke6 26. Nc7+ Kf6 27. Bd4+ Kf7 28. Qd5+ Ke7 29. Bxh8 Bf4+ 30. Rcxf4 gxf4 31. Bc3 Kd7 32. Nb5 Bxc2 33. Nd4 Be4 34. Qa5 Ra8 35. Qb5+ Kc7 36. Qc4+ Kd7 37. Nf3 Rxa2 38.
Qxa2 Qg4 39. Qa7+ Ke6 40. Qf2 d5 41. Nd4+ Kd6 42. Qxf4+ Qxf4+ 43. Rxf4 h5 44. Rh4 1-0

[Event "Live Chess"]
[Site "Chess.com"]
[Date "2024.06.02"]
[Round "-"]
[White "peteopeteo"]
[Black "yarek"]
[Result "1/2-1/2"]
[WhiteElo "1553"]
[BlackElo "1717"]
[TimeControl "300"]
[EndTime "0:11:26 PDT"]
[Termination "Game drawn by repetition"]

1. e4 g6 2. Nf3 Bg7 3. Nc3 c6 4. Bc4 d6 5. O-O f6 6. d3 e6 7. Ne2 Ne7 8. c3 O-O 9. b4 d5 10. exd5 exd5 11. Bb3 Bg4 12. Ng3 Nd7 13. h3 Bxf3 14.
Qxf3 Ne5 15. Qd1 Kh8 16. d4 Nd7 17. Re1 Re8 18. Bf4 Nf8 19. Qd2 g5 20. Be3 Nfg6 21.
Qc2 Qd7 22. Rad1 Nh4 23. a3 Nef5 24. Nxf5 Nxf5 25. Ba2 Nh4 26. Bb1 Bf8 27. Bd2 Bd6 28. Rxe8+ Rxe8 29. Re1 Ng6 30. Rxe8+ Qxe8 31. Qf5 Kg7 32. Be3 Bc7 33. h4 gxh4 34. Qg4 Qe7 35. Bxg6 hxg6 36. Qxh4 g5 37. Qg4 Qd6 38. g3 Kg6 39.
Qc8 b6 40. Qg8+ Kh6 41. Qh8+ Kg6 42. Qg8+ Kh6 43. Qh8+ Kg6 44. Qa8 a5 45. Kg2 Qd7 46. Qg8+ Qg7 47. Qxg7+ Kxg7 48. f4 axb4 49. axb4 g4 50. f5 Kf7 51. Bf4 Bd8 52. Kf2 b5 53. Ke3 Kg7 54. Kf2 Kf7 55. Kg2 Kg7 56. Kf2 Kf7 1/2-1/2

[Event "Live Chess"]
[Site "Chess.com"]
[Date "2024.06.02"]
[Round "-"]
[White "NAZRIZ1977"]
[Black "Bradfield133"]
[Result "1-0"]
[WhiteElo "2118"]
[BlackElo "1867"]
[TimeControl "300"]
[EndTime "0:11:27 PDT"]
[Termination "NAZRIZ1977 won by resignation"]

1. c4 c5 2. g3 g6 3. Bg2 Bg7 4. Nf3 Nc6 5. O-O e5 6. d3 Nge7 7. Nc3 O-O 8. a3 a6 9. Rb1 Rb8 10. b4 cxb4 11. axb4 b5 12. cxb5 axb5 13. Be3 d5 14. Bc5 e4 15. dxe4 Bxc3 16. exd5 Qxd5 17. Qxd5 Nxd5 18. Bxf8 Kxf8 19. Rbc1 Ncxb4 20. e4 Nd3 21. Rc2 N5b4 22. Rxc3 Be6 23. Nd4 Bc4 24. Rb1 Na2 25. Rxc4 Rd8 26. Nxb5 1-0

[Event "Live Chess"]
[Site "Chess.com"]
[Date "2024.06.02"]
[Round "-"]
[White "Victor_Bondar"]
[Black "MagnersCarlsberg2870"]
[Result "0-1"]
[WhiteElo "1460"]
[BlackElo "1829"]
[TimeControl "300"]
[EndTime "0:11:41 PDT"]
[Termination "MagnersCarlsberg2870 won on time"]

1. e4 e5 2. Nf3 Nf6 3. Nxe5 Nc6 4.
Nxc6 dxc6 5. Nc3 Bc5 6. d4 Bxd4 7. Be3 Bxe3 8. Qxd8+ Kxd8 9. fxe3 Bg4 10. h3 Bh5 11. g4 Bg6 12. O-O-O+ Ke7 13. e5 Ne4 14. Nxe4 Bxe4 15.
Rg1 Rad8 16. Bd3 Bd5 17. e4 Be6 18. Rh1 h5 19. Rdf1 hxg4 20. hxg4 Rxh1 21. Rxh1 Bxg4 22. Rg1 Be6 23. Rxg7 Rh8 24. Rg2 Rh1+ 25. Kd2 a6 26. a3 c5 27. b3 b5 28. Rf2 c4 29. bxc4 bxc4 30. Be2 Ra1 31. Rf3 Bg4 32. Rc3 Bxe2 33. Kxe2 Ke6 34. Kd2 Kxe5 35. Rxc4 Rxa3 36. Rxc7 f6 37.
Re7+ Kf4 38. Re6 a5 39. c4 Ra4 40. Kc3 Ra1 41. c5 Rc1+ 42. Kd4 Rd1+ 43. Kc4 a4 44. Kb4 Rd4+ 45. Ka3 Rc4 46. c6 Kg5 47. c7 Rxc7 48.
Kxa4 Ra7+ 49. Kb5 Rb7+ 50. Kc4 Rd7 51. Kc5 Kf4 52. Rxf6+ Kxe4 53. Rf8 Ke3 54. Re8+ Kd2 55. Rh8 Kc3 56. Rh3+ Kd2 57. Rh2+ Ke3 58. Rh3+ Kf4 59. Rh4+ Kg5 60. Rh1 Rc7+ 61. Kd6 Rc2 62. Rg1+ Kf4 63. Rf1+ Kg3 64. Rg1+ Kh2 65. Rg8 Rd2+ 66. Ke5 Re2+ 67. Kf4 Rf2+ 68. Ke3 Ra2 69. Rh8+ Kg3 70. Rg8+ Kh4 71.
Kf4 Ra4+ 72. Kf3 Kh5 73. Rh8+ Kg6 74. Rg8+ Kf7 0-1

[Event "Live Chess"]
[Site "Chess.com"]
[Date "2024.06.02"]
[Round "-"]
[White "juniortay"]
[Black "Duke_of_Bebington"]
[Result "0-1"]
[WhiteElo "2391"]
[BlackElo "1697"]
[TimeControl "300"]
[EndTime "0:11:54 PDT"]
[Termination "Duke_of_Bebington won by resignation"]

1. e4 e5 2. Nc3 Nf6 3. f4 d6 4. Nf3 Nc6 5. Bb5 Bd7 6. O-O a6 7. Bxc6 Bxc6 8. fxe5 dxe5 9. d3 Bc5+ 10. Kh1 Bd4 11. Qe1 O-O 12. Qh4 h6 13. Nxd4 Qxd4 14. Bxh6 Nh7 15. Bd2 Qd6 16. Rf3 f5 17. Rh3 Nf6 18.
exf5 Kf7 19. Rf1 Be8 20. Bg5 Ke7 21. Re3 Kd7 22. Bxf6 gxf6 23. Ne4 Qe7 24. Rd1 b6 25. d4 Kc8 26. d5 Qg7 27. Rg3 Qh8 28. Qg4 Bh5 29. d6 Bxg4 30. Rxg4 Rd8 31. Rg6 cxd6 32. Rxf6 d5 33. Nd6+ Kc7 0-1

[Event "Live Chess"]
[Site "Chess.com"]
[Date "2024.06.02"]
[Round "-"]
[White "wadsy27"]
[Black "Tatarinov_Maxim"]
[Result "1-0"]
[WhiteElo "2586"]
[BlackElo "2258"]
[TimeControl "300"]
[EndTime "0:12:01 PDT"]
[Termination "wadsy27 won by resignation"]

1. c4 Nf6 2. g3 g6 3. Bg2 Bg7 4. Nc3 O-O 5. Nf3 c5 6. d4 cxd4 7. Nxd4 Nc6 8. O-O d6 9. Nxc6 bxc6 10. Bxc6 Rb8 11. Bg2 Qa5 12. Qd2 Be6 13. b3 Rxb3 14.
axb3 Qxa1 15. Nb5 Qa6 16. Bb2 Rc8 17. Ra1 Qb6 18. Bd4 Qd8 19. Nxa7 Rc7 20. Bb6 Nd7 21. Bxc7 Qxc7 22. Nb5 Qb6 23. Ra8+ Nf8 24. h4 h5 25. e3 Qc5 26. Bd5 Bd7 27. b4 Qb6 28.
Qd3 e6 29. Bg2 d5 30. Nd4 Qxb4 31. cxd5 exd5 32. Bxd5 Qe1+ 33. Qf1 Qd2 34. Qc4 Qe1+ 35. Kg2 Bh3+ 36. Kxh3 Qxf2 37. Ra2 1-0

[Event "Live Chess"]
[Site "Chess.com"]
[Date "2024.06.02"]
[Round "-"]
[White "Kyrylo7770"]
[Black "Ferrarifan27"]
[Result "0-1"]
[WhiteElo "1625"]
[BlackElo "2119"]
[TimeControl "300"]
[EndTime "0:12:29 PDT"]
[Termination "Ferrarifan27 won by resignation"]

1. d4 Nf6 2. Nf3 d5 3. Bg5 Bf5 4. e3 e6 5. c3 Be7 6. h4 O-O 7. Bd3 Ne4 8. Bxe7 Qxe7 9. Ne5 Nd7 10. Bxe4 Bxe4 11. f3 Bf5 12. g4 Nxe5 13. dxe5 Bxb1 14.
Qxb1 f6 15. f4 fxe5 16. fxe5 Qf7 17. Qc2 Qf3 18. Rg1 Qxe3+ 19. Qe2 Qxg1+ 20. Kd2 Qxa1 0-1

[Event "Live Chess"]
[Site "Chess.com"]
[Date "2024.06.02"]
[Round "-"]
[White "AlanBstard10"]
[Black "RichardABates"]
[Result "0-1"]
[WhiteElo "1177"]
[BlackElo "2355"]
[TimeControl "300"]
[EndTime "0:12:40 PDT"]
[Termination "RichardABates won by resignation"]

1. b4 c6 2. Bb2 Qb6 3. a3 a5 4. c4 axb4 5. axb4 Rxa1 6. Bxa1 Qxb4 7.
e3 Nf6 8. Bc3 Qb6 9. Nf3 d5 10.
cxd5 Nxd5 11. Be2 Nxc3 12. Nxc3 Bg4 13. O-O e6 14. Nd4 Bxe2 15. Qxe2 Be7 16. Rb1 Qc7 17. Rc1 O-O 18. Ncb5 Qb6 19. Nc3 Nd7 20. Rb1 Qa7 21. Qd3 Nc5 22. Qc2 Bf6 23. Qb2 Bxd4 24. exd4 Nd3 25. Qxb7 Qxd4 26. Rf1 c5 27. Ne2 Qd5 28.
Qxd5 exd5 29. Nc3 d4 30. Ne4 Re8 31. f3 f5 32. Nd6 Re5 33. h3 g6 34. Ra1 Re1+ 35. Rxe1 Nxe1 36. Kf2 Nd3+ 37. Ke2 Nf4+ 38. Kf2 Kf8 39. Kg3 Ne6 40. Nc4 Ke7 41. Kf2 Nf4 42.
Kg3 Nd3 43. h4 Ke6 44. f4 Kd5 45. Nb6+ Kc6 46. Na4 c4 47. Kf3 Kb5 48. Ke2 Kxa4 49. Kd1 Nxf4 0-1

[Event "Live Chess"]
[Site "Chess.com"]
[Date "2024.06.02"]
[Round "-"]
[White "booktrunk"]
[Black "VIDYUTGANESH"]
[Result "1-0"]
[WhiteElo "1521"]
[BlackElo "1728"]
[TimeControl "300"]
[EndTime "0:13:01 PDT"]
[Termination "booktrunk won by resignation"]

1. d4 d5 2. Nc3 Nf6 3. g3 e6 4.
Bf4 Bb4 5. a3 Bxc3+ 6. bxc3 O-O 7. Bg2 Nc6 8. Nf3 Re8 9. O-O Ne4 10. Qd3 a5 11. Ne5 Nxe5 12. Bxe5 Nd6 13. Bxd6 Qxd6 14. e3 b6 15. c4 dxc4 16. Qxc4 Ba6 17. Qc3 Rac8 18.
Rfd1 h6 19. Bf1 Bb7 20. Bg2 Bxg2 21. Kxg2 Qd5+ 22. Kg1 f5 23. Qe1 g5 24. Qe2 Kh7 25.
c4 Qe4 26. Qh5 Re7 27. Rac1 f4 28. exf4 gxf4 29. Re1 Qxd4 30. Rcd1 Qxc4 31. Qe5 fxg3 32. hxg3 Qg4 33. Rd4 Qg7 34. Qf4 e5 35. Qf5+ Qg6 36.
Qxc8 Re8 37. Rd7+ 1-0

[Event "Live Chess"]
[Site "Chess.com"]
[Date "2024.06.02"]
[Round "-"]
[White "KeithArkell"]
[Black "upoe610"]
[Result "0-1"]
[WhiteElo "2404"]
[BlackElo "2202"]
[TimeControl "300"]
[EndTime "0:13:56 PDT"]
[Termination "upoe610 won on time"]

1. d4 Nf6 2. Nf3 c5 3. d5 b5 4.
Bg5 d6 5. Bxf6 exf6 6. e4 b4 7.
Bb5+ Bd7 8. Bxd7+ Nxd7 9. a3 a5 10. Nbd2 g6 11. Nc4 Nb6 12. Qe2 Bg7 13. axb4 Nxc4 14. Qxc4 axb4 15. Qb5+ Ke7 16. Qb7+ Qd7 17. Qxa8 Rxa8 18. Rxa8 f5 19. exf5 Bxb2 20. O-O Bc3 21.
fxg6 hxg6 22. h4 Qf5 23. Ra7+ Kf6 24. Ng5 Qxc2 25. f4 Kf5 26. Nxf7 Ke4 27. Nxd6+ Kxd5 28. Nb5 Bd2 29. h5 Be3+ 30. Kh2 Qc4 31. Nc7+ Kc6 32. Rfa1 Bxf4+ 33. g3 Qe2+ 34. Kh3 Qxh5+ 35. Kg2 Qe2+ 36. Kh3 Bxc7 37. R1a6+ Bb6 0-1

[Event "Live Chess"]
[Site "Chess.com"]
[Date "2024.06.02"]
[Round "-"]
[White "vincents82"]
[Black "f4nomore"]
[Result "1-0"]
[WhiteElo "1999"]
[BlackElo "1249"]
[TimeControl "300"]
[EndTime "0:14:04 PDT"]
[Termination "vincents82 won by checkmate"]

1. e4 g6 2. d4 Bg7 3. Nc3 d6 4. Be3 a6 5. Qd2 Nd7 6. f3 b5 7. Bd3 Bb7 8. h4 h5 9. g4 hxg4 10.
fxg4 Ndf6 11. g5 Nh5 12. O-O-O e6 13. Nge2 Ne7 14. Nf4 e5 15. dxe5 Bxe5 16. Nxh5 Rxh5 17. Be2 Rh8 18. h5 gxh5 19. Bxh5 Qd7 20. Rdf1 O-O-O 21. Bxf7 Rxh1 22. Rxh1 Qg4 23. Nd5 Nxd5 24. exd5 Qf3 25. Be6+ Kb8 26. Rg1 c6 27. g6 cxd5 28. g7 d4 29.
g8=Q Rxg8 30. Rxg8+ Ka7 31. Bxd4+ Bxd4 32. Qxd4# 1-0

[Event "Live Chess"]
[Site "Chess.com"]
[Date "2024.06.02"]
[Round "-"]
[White "Duke_of_Bebington"]
[Black "wadsy27"]
[Result "0-1"]
[WhiteElo "1697"]
[BlackElo "2586"]
[TimeControl "300"]
[EndTime "0:15:01 PDT"]
[Termination "wadsy27 won by resignation"]

1. e4 c5 2. Nf3 e6 3. c3 d5 4.
exd5 Qxd5 5. d4 Nf6 6. dxc5 Qxd1+ 7.
Kxd1 Bxc5 8. Bb5+ Bd7 9. Bxd7+ Nbxd7 10. Bf4 Bxf2 11. Nbd2 O-O 12. Kc2 Nd5 13. Bd6 Rfd8 14. Bg3 Bxg3 15. hxg3 Rac8 16. a3 Nc5 17. Rae1 a5 18.
Ne4 h6 19. g4 Nxe4 20. Rxe4 Nf6 21. Ra4 Rd5 22. Rd4 Rxd4 23. Nxd4 Nxg4 0-1

[Event "Live Chess"]
[Site "Chess.com"]
[Date "2024.06.02"]
[Round "-"]
[White "MaximKovalenko83"]
[Black "JohanKjeldahl"]
[Result "1-0"]
[WhiteElo "2178"]
[BlackElo "1848"]
[TimeControl "300"]
[EndTime "0:15:30 PDT"]
[Termination "MaximKovalenko83 won by resignation"]

1. e4 c5 2. Nf3 e6 3. d3 Nc6 4. Be2 Nf6 5. O-O d5 6. exd5 Nxd5 7. c3 Be7 8. d4 O-O 9. Nbd2 cxd4 10. cxd4 b6 11.
a3 Bb7 12. Nc4 Rc8 13. Nce5 Bf6 14. Nxc6 Bxc6 15. Be3 Nxe3 16. fxe3 Qd5 17. Rc1 h6 18. Bd3 Bg5 19. Qe2 Bb7 20. e4 Qd7 21. Rcd1 Bf4 22.
Bb1 Qe7 23. Qf2 e5 24. d5 Qc5 25. Qxc5 Rxc5 26. Rfe1 f6 27. g3 Bg5 28. h4 1-0

[Event "Live Chess"]
[Site "Chess.com"]
[Date "2024.06.02"]
[Round "-"]
[White "Cimon"]
[Black "Dhaydon19"]
[Result "0-1"]
[WhiteElo "1805"]
[BlackElo "2673"]
[TimeControl "300"]
[EndTime "0:15:31 PDT"]
[Termination "Dhaydon19 won by resignation"]

1. d4 c6 2. c4 d5 3. Nf3 Nf6 4. Nc3 e6 5. e3 Bd6 6. Bd3 Nbd7 7.
O-O Qe7 8. e4 dxe4 9. Nxe4 Nxe4 10. Bxe4 h6 11. Re1 O-O 12. b3 Re8 13. Bb2 Ba3 14. Bc3 Bb4 15. Qd3 Bxc3 16. Qxc3 Nf6 17. Bc2 Bd7 18. Ne5 Red8 19. Rad1 Be8 20. c5 b6 21. b4 a5 22. a3 axb4 23. axb4 b5 24. Qd3 g6 25. Re3 Nd5 26. Rg3 Nxb4 27. Qe4 Nxc2 28.
Qxc2 Ra4 29. Nf3 Qf6 30. h4 h5 31. Re1 Rc4 32. Qb1 Qf5 33. Qb3 Rd5 34. Rg5 Qc2 35. Qe3 Rf5 36. Re2 Qc1+ 37. Kh2 Qxe3 38. Rxe3 Rxg5 39.
hxg5 b4 40. Ne5 Rxd4 41. Rb3 Rd5 42. Nf3 Rxc5 43. Rxb4 Rb5 44. Rd4 Kf8 45. Nd2 Rd5 46. Nb3 Rxg5 47. f4 Rd5 48. Rc4 Ke7 49. Na5 Rxa5 0-1

[Event "Live Chess"]
[Site "Chess.com"]
[Date "2024.06.02"]
[Round "-"]
[White "Greenbecker"]
[Black "JanMur7"]
[Result "0-1"]
[WhiteElo "1721"]
[BlackElo "2272"]
[TimeControl "300"]
[EndTime "0:17:18 PDT"]
[Termination "JanMur7 won on time"]

1. e4 g6 2. d4 Bg7 3. Nc3 c5 4. Nf3 cxd4 5. Nxd4 Nc6 6. Be3 d6 7. Bb5 Bd7 8. Nxc6 bxc6 9. Bc4 Nf6 10. O-O O-O 11. Qd2 Ng4 12. Bf4 Ne5 13. Bb3 c5 14.
Rad1 Qa5 15. Nd5 Qd8 16. Bg5 Re8 17. f4 Nc6 18. f5 Ne5 19. fxg6 hxg6 20. Nxe7+ Rxe7 21. Bxe7 Qxe7 22. Qxd6 Qxd6 23. Rxd6 Bb5 24. Rf2 c4 25.
Rd5 cxb3 26. Rxb5 bxa2 27. Ra5 Nc4 28. Rxa2 Bd4 29. b3 Nd2 30. c4 Nxe4 31. Kf1 Nxf2 32. b4 Nd3 33. Rd2 Bc3 34. Rxd3 Bxb4 35. Rb3 a5 36. Ke2 Rd8 37. Rb2 Rd4 38. Rc2 a4 39. c5 a3 40. c6 Rd8 41. h3 Rc8 42. Kd3 a2 43. Rxa2 Rxc6 44. Rb2 Be7 45. Rb7 Bf6 46. Ke4 Kg7 47. Kf3 Rc3+ 48. Kg4 Rc2 49. Kf3 Bh4 50.
Rb3 f5 0-1

[Event "Live Chess"]
[Site "Chess.com"]
[Date "2024.06.02"]
[Round "-"]
[White "MagnersCarlsberg2870"]
[Black "SavagePawn7"]
[Result "1-0"]
[WhiteElo "1829"]
[BlackElo "660"]
[TimeControl "300"]
[EndTime "0:18:27 PDT"]
[Termination "MagnersCarlsberg2870 won on time"]

1. d4 d5 2. e3 Nc6 3. Bd3 Nf6 4.
Nd2 e5 5. dxe5 Nxe5 6. Bb5+ c6 7. Be2 Bc5 8. Ngf3 Nxf3+ 9. Nxf3 O-O 10. Bd2 Bd6 11.
Bc3 Re8 12. Qd4 c5 13. Qh4 Be7 14. Ng5 h6 15. Nf3 Ne4 16. Qh5 Nxc3 17. bxc3 Bd6 18. O-O Qf6 19. c4 dxc4 20. Bxc4 Bd7 21. Rad1 Re7 22.
Qd5 Re6 23. Qxb7 Qd8 24. Bxe6 Bxe6 25. Rxd6 1-0

[Event "Live Chess"]
[Site "Chess.com"]
[Date "2024.06.02"]
[Round "-"]
[White "Duke_of_Bebington"]
[Black "MaximKovalenko83"]
[Result "0-1"]
[WhiteElo "1696"]
[BlackElo "2180"]
[TimeControl "300"]
[EndTime "0:19:00 PDT"]
[Termination "MaximKovalenko83 won by resignation"]

1. e4 e5 2. Nf3 Nc6 3. Bc4 Bc5 4. b4 Bxb4 5. c3 Ba5 6. d4 exd4 7. O-O Nf6 8. e5 Ne4 9. cxd4 d5 10. exd6 Nxd6 11.
Bb3 O-O 12. Bb2 Bg4 13. Nbd2 Bxd2 14. Qxd2 Bxf3 15. gxf3 Qh4 16. Bd5 Ne7 17. Be4 Nxe4 18. fxe4 Qxe4 19. Qg5 Qg6 20. Qg3 Nd5 21. Rfe1 c6 22. Kh1 Qxg3 23. hxg3 Rfe8 0-1

[Event "Live Chess"]
[Site "Chess.com"]
[Date "2024.06.02"]
[Round "-"]
[White "Kyrylo7770"]
[Black "ZombieChainsaw"]
[Result "0-1"]
[WhiteElo "1621"]
[BlackElo "1794"]
[TimeControl "300"]
[EndTime "0:19:19 PDT"]
[Termination "ZombieChainsaw won by resignation"]

1. d4 g6 2. Nf3 Bg7 3. Bg5 h6 4. Bh4 Nf6 5. e3 O-O 6. c4 d6 7. Nc3 c6 8. Bd3 Qc7 9. Bg3 Nbd7 10. h4 h5 11. Ng5 e5 12. d5 Re8 13. Nce4 Nxe4 14.
Bxe4 Nf8 15. Bf3 f5 16. O-O e4 17. Be2 Be5 18. dxc6 bxc6 19. b3 Bxg3 20. fxg3 Ne6 21.
Nxe6 Bxe6 22. Qd4 Qb6 23. Qxd6 Qxe3+ 24. Kh1 Qxe2 25. Rae1 Qg4 26. Rd1 Rac8 27. c5 e3 28. Rd4 Qe2 29. Rg1 Qxa2 30. Qe5 Qxb3 31. Qf6 Bf7 32.
Rd7 Qe6 33. Qxe6 Rxe6 34. Rxa7 Re5 35. Re1 e2 36. Ra2 Bxa2 0-1

[Event "Live Chess"]
[Site "Chess.com"]
[Date "2024.06.02"]
[Round "-"]
[White "Ferrarifan27"]
[Black "Victor_Bondar"]
[Result "1-0"]
[WhiteElo "2119"]
[BlackElo "1460"]
[TimeControl "300"]
[EndTime "0:19:21 PDT"]
[Termination "Ferrarifan27 won by resignation"]

1. e4 d5 2. exd5 Qxd5 3. Nc3 Qa5 4. d4 Nf6 5. Bd2 c6 6. Nf3 Bg4 7. Be2 e6 8. h3 Bf5 9. O-O Qc7 10. Re1 Nbd7 11. Nh4 Bg6 12. Nxg6 hxg6 13. Bg5 Bd6 14. Qd2 O-O-O 15. a4 a6 16. a5 Be7 17. Bf4 Bd6 18. Bg5 Be7 19. Bf3 Ne5 20. dxe5 Rxd2 21. exf6 Bxf6 22. Bxd2 Bxc3 23. Bxc3 f6 24.
Rxe6 Rd8 25. Rae1 Kb8 26. Re7 Rd7 27. Rxd7 Qxd7 28. Bb4 Qd4 29. c3 Qd2 30. Re8+ Kc7 31. Re7+ Kd8 32. g3 Qc1+ 33. Kg2 Qxb2 34. Rxb7 c5 35. Bxc5 Qxc3 36. Bb6+ Kc8 37. Rc7+ Kb8 38. Rxc3 1-0

[Event "Live Chess"]
[Site "Chess.com"]
[Date "2024.06.02"]
[Round "-"]
[White "GerardATHart"]
[Black "NAZRIZ1977"]
[Result "0-1"]
[WhiteElo "1377"]
[BlackElo "2118"]
[TimeControl "300"]
[EndTime "0:19:45 PDT"]
[Termination "NAZRIZ1977 won by resignation"]

1. e4 c5 2. Nc3 Nc6 3. Bb5 Nd4 4. Nf3 g6 5. Nxd4 cxd4 6. Ne2 Bg7 7. d3 e6 8. O-O Ne7 9. f4 O-O 10. g4 d5 11. f5 exf5 12. gxf5 Nc6 13. Ng3 dxe4 14.
dxe4 a6 15. Bd3 b5 16. Qf3 Ne5 17. Qg2 Bb7 18. Bf4 Qh4 19. Qf2 Ng4 20. Qg2 Kh8 21. h3 Ne3 22. Qh2 Nxf1 23. Rxf1 Rfe8 24. Rf3 g5 25. Bd6 Rad8 26. Bc5 Be5 27. Kg2 Bxg3 28. Qxg3 Qxg3+ 29. Kxg3 Bxe4 30. Bxe4 Rxe4 31. Rd3 h5 32. c3 Re3+ 33. Rxe3 dxe3 34. Bxe3 Rd3 35. Kf2 f6 36. Ke2 Rd5 37. h4 Rxf5 38. hxg5 fxg5 39. Bf2 Kg7 40. Kf1 Kf6 41. Kg2 Ke5 42. Bd4+ Ke4 43.
Kg3 Kd3 44. b4 Kc2 0-1

[Event "Live Chess"]
[Site "Chess.com"]
[Date "2024.06.02"]
[Round "-"]
[White "WeakOldFinished"]
[Black "peteopeteo"]
[Result "1-0"]
[WhiteElo "2185"]
[BlackElo "1552"]
[TimeControl "300"]
[EndTime "0:19:48 PDT"]
[Termination "WeakOldFinished won by checkmate"]

1. e4 c6 2. d3 d5 3. Nd2 Nf6 4. Ngf3 dxe4 5. dxe4 Bg4 6. h3 Bxf3 7. Qxf3 Nbd7 8. a4 e5 9. Bc4 Bc5 10. O-O O-O 11. c3 Qb6 12. b4 Be7 13. a5 Qc7 14. Re1 b5 15. Bf1 a6 16. Bb2 c5 17. Rac1 c4 18. Be2 Rad8 19. Nf1 Qb7 20. Ng3 Ne8 21. Rcd1 Ndf6 22. Bf1 Nd6 23. Bc1 Rd7 24. h4 Rfd8 25.
h5 Nde8 26. Rxd7 Rxd7 27. Nf5 Nd6 28. Ng3 Qc8 29. Be3 Nde8 30. Nf5 Bf8 31. g3 Nd6 32. Nh6+ Kh8 33. Bh3 Qd8 34. Bxd7 Qxd7 35. Bc5 Qe6 36. Nf5 Nxf5 37. exf5 Qc8 38. h6 Bxc5 39. hxg7+ Kg8 40. bxc5 Qxc5 41. Qe3 Qc8 42. Qxe5 Kxg7 43. Re4 Qd8 44. Rd4 Qe8 45. Rg4+ Kh8 46. Qxf6# 1-0

[Event "Live Chess"]
[Site "Chess.com"]
[Date "2024.06.02"]
[Round "-"]
[White "DenisOnopriichuk2003"]
[Black "Duke_of_Bebington"]
[Result "0-1"]
[WhiteElo "1755"]
[BlackElo "1706"]
[TimeControl "300"]
[EndTime "0:20:07 PDT"]
[Termination "Duke_of_Bebington won by resignation"]

1. e4 e5 2. Nf3 Nf6 3. Nxe5 d6 4. Nf3 Nxe4 5. d4 d5 6. Bd3 Bd6 7. c3 O-O 8. O-O Bg4 9. h3 Bh5 10. Nbd2 Bg6 11. Nxe4 dxe4 12. Bxe4 Bxe4 0-1

[Event "Live Chess"]
[Site "Chess.com"]
[Date "2024.06.02"]
[Round "-"]
[White "Tatarinov_Maxim"]
[Black "juniortay"]
[Result "1-0"]
[WhiteElo "2274"]
[BlackElo "2380"]
[TimeControl "300"]
[EndTime "0:20:14 PDT"]
[Termination "Tatarinov_Maxim won by resignation"]

1. Nf3 Nf6 2. c4 g6 3. g3 Bg7 4.
Bg2 d6 5. O-O O-O 6. d4 c6 7. Nc3 Qa5 8. d5 cxd5 9. cxd5 b5 10.
Nd4 b4 11. Nb1 Bb7 12. e4 Nbd7 13. Be3 Rfc8 14. Nd2 Qd8 15. a3 a5 16. axb4 axb4 17. Qb3 Rab8 18. Rfc1 Nc5 19. Qd1 Nd3 20. Rxc8 Rxc8 21.
Qb3 Nc5 22. Qxb4 Rb8 23. Qa5 Qe8 24. b4 Ra8 25. bxc5 Rxa5 26. Rxa5 dxc5 27. Rxc5 Ng4 28.
Nc6 Nxe3 29. fxe3 Bf6 30. e5 Bg5 31. Kf2 Qa8 32. Ra5 Qe8 33. Ne4 Bh6 34. Ra7 Bxc6 35. dxc6 Qb8 36. Rb7 Qxe5 37. c7 Qf5+ 38. Bf3 Kg7 39.
Rb8 Qa5 40. c8=Q Qa2+ 41. Be2 1-0